 Dungeon Crawl Stone Soup version 0.27.1-1-g398f81649c (webtiles) character file.

Game seed: 5839529166218517932

2020 ZARRMARR the Covert (level 9, -11/61 HPs)
             Began as an Octopode Brigand on Sept 8, 2021.
             Was a Follower of Sif Muna.
             Mangled by a wyvern (19 damage)
             ... on level 7 of the Dungeon.
             The game lasted 00:35:37 (5073 turns).

ZARRMARR the Covert (Octopode Brigand)              Turns: 5073, Time: 00:35:37

Health: -11/61     AC:  1    Str: 10    XL:     9   Next: 23%
Magic:  9/9        EV: 14    Int: 23    God:    Sif Muna [*.....]
Gold:   168        SH:  0    Dex: 13    Spells: 8/8 levels left

rFire    . . .     SeeInvis .   a - +5 dagger (flame)
rCold    . . .     Faith    .   y - +2 buckler
rNeg     + . .     Spirit   .   (helmet restricted)
rPois    .         Reflect  .   o - amulet of regeneration
rElec    .         Harm     .   l - ring of positive energy
rCorr    .         Rampage  .   t - +6 ring of intelligence
Will     .....                  (no ring)
Stlth    +++.......             (no ring)
HPRegen  1.20/turn              (no ring)
MPRegen  0.11/turn              (no ring)
                                (no ring)
                                (no ring)

@: confused, ambrosia-drunk
A: almost no armour, amphibious, 8 rings, camouflage 1, gelatinous body 1,
(nimble swimmer 1), tentacles
a: Renounce Religion, Channel Magic


You were on level 7 of the Dungeon.
You worshipped Sif Muna.
Sif Muna was aware of your devotion.
You visited 2 branches of the dungeon, and saw 8 of its levels.

You collected 207 gold pieces.
You spent 39 gold pieces at shops.

Inventory:

Hand Weapons
 a - a +5 dagger of flaming (weapon)
Missiles
 b - 37 poisoned darts
 c - a curare-tipped dart (quivered)
 e - 5 boomerangs
Armour
 y - a +2 buckler (worn)
Jewellery
 l - a ring of positive energy (left tentacle)
 o - an amulet of regeneration (around mantle)
 t - a +6 ring of intelligence (right tentacle)
Scrolls
 g - 2 scrolls of fog
 j - a scroll of teleportation {unknown}
 p - a scroll of magic mapping
 q - a scroll of summoning {unknown}
 r - 3 scrolls of amnesia
 u - a scroll of enchant armour {unknown}
 x - a scroll of blinking {unknown}
Potions
 i - 2 potions of haste {unknown}
 k - a potion of might {unknown}
 n - 2 potions of heal wounds {unknown}
 s - a potion of brilliance {unknown}
 v - 2 potions of curing
 w - a potion of attraction {unknown}


   Skills:
 + Level 5.4 Fighting
 * Level 6.9 Short Blades
 - Level 2.0 Throwing
 + Level 5.0 Dodging
 + Level 9.0 Stealth
 - Level 4.0 Shields


You had 8 spell levels left.
You didn't know any spells.
Your spell library contained the following spells:

 Spells                   Type           Power      Damage    Failure   Level
 Magic Dart               Conj           0%         1d3       16%         1
 Blink                    Tloc           N/A        N/A       24%         2
 Call Imp                 Summ           0%         N/A       24%         2
 Corpse Rot               Necr/Air       N/A        N/A       24%         2
 Poisonous Vapours        Pois/Air       0%         N/A       24%         2
 Mephitic Cloud           Conj/Pois/Air  0%         N/A       43%         3
 Freezing Cloud           Conj/Ice/Air   0%         6-21      99%         5
 Manifold Assault         Tloc           0%         N/A       99%         5
 Storm Form               Tmut/Air       0%         N/A       100%        7


Dungeon Overview and Level Annotations

Branches:
Dungeon (7/15)             Temple (1/1) D:5

Altars:
Ashenzari
Dithmenos
Elyvilon
Gozag
Hepliaklqana
Kikubaaqudgha
Makhleb
Nemelex Xobeh
Okawaru
Qazlal
Ru
Sif Muna
Trog
Vehumet
Wu Jian
Xom
Zin
The Shining One

Shops:
D:1 !   D:7 *

Annotations:
D:4 exclusion: phantom
D:6 1 transporter, ZARRMARR's ghost, novice OpCj
D:7 Harold


Innate Abilities, Weirdness & Mutations

You cannot wear most types of armour.
You are amphibious.
You can wear up to eight rings at the same time.
Your skin changes colour to match your surroundings (Stealth+).
Your rubbery body absorbs attacks. (AC +1, EV +1)
((You are camouflaged near water. (Stealth+)))
You have tentacles for arms and can constrict up to eight enemies at once.


Message History

The wyvern closely misses you.
You hear some strange, mumbled words.
A puff of flame appears from out of thin air!
The puff of flame hits you!
You're too confused to move!
The wyvern bites you. Something hits you. The wyvern bites you!
Unknown command.
You bump into the rock wall.
The wyvern completely misses you. Something hits you.
Unknown command.
You hit the wyvern. You burn the wyvern.
The wyvern is lightly wounded.
The wyvern barely misses you.
You hear some strange, mumbled words.
A magic dart appears from out of thin air!
The magic dart hits you.
Unknown command.
You bump into the rock wall.
The wyvern bites you. Something hits you. The wyvern bites you!
* * * LOW HITPOINT WARNING * * *
Unknown command.
It was a potion of curing.
You feel better.
You feel less invigorated. The wyvern bites you.
You hear some strange, mumbled words.
A magic dart appears from out of thin air!
The magic dart hits you.
Throw: 2 darts (curare)
Press: ? - help, Q - select action, (/) - cycle Shift-Dir - straight line, f - wyvern
Aim: a wyvern (lightly wounded, 60% to hit)
You throw a curare-tipped dart.
The curare-tipped dart closely misses the wyvern.
The wyvern bites you.
* * * LOW HITPOINT WARNING * * *
Something hits you.
* * * LOW HITPOINT WARNING * * *
You are confused.
You feel invigorated. The wyvern bites you!
* * * LOW HITPOINT WARNING * * *
The wyvern bites you!!
You die...

...#.#.#.#.#.#.#.#.#.#.##....
.............................
..#.#.#.#.#.#.#.#.#.#.#......
.............................
...#.#.#.#.#.#.#.#.#!#.......
......S. ....................
....#.#.#.#.#.#.#.#.#........
...............l){....†...... .
.....#.# .#.#.#@#.#.##########..
####+...............##.........#
#.#.#.#.#.#.#.##....<....#
.........###.........#
#.#.#.#.#.###...#####.# .
..............#...# #
####....###..)#.∩.# ######
#####...# #.>.#


You could see a wyvern.

Vanquished Creatures
  A water moccasin (D:6)
  2 orc warriors (D:6)
  2 ice beasts (D:6)
  A sky beast (D:6)
  A black bear (D:6)
  A necrophage (D:6)
  An ogre (D:5)
  2 centaurs (D:6)
  A phantom (D:5)
  A bullfrog (D:7)
  3 scorpions
  A water moccasin zombie (D:5)
  A water moccasin skeleton (D:6)
  A centaur zombie (D:5)
  2 hounds
  2 jellies
  2 centaur skeletons
  4 orc wizards
  2 bullfrog skeletons (D:5)
  An iguana (D:6)
  A killer bee zombie (D:7)
  A hound zombie (D:5)
  12 adders
  A gnoll (D:3)
  An adder skeleton (D:4)
  3 worms
  7 orcs
  5 bats
  4 endoplasms (D:2)
  3 giant cockroaches
  7 goblins
  4 hobgoblins
  7 jackals
  3 kobolds
  4 quokkas
  5 ball pythons
  3 frilled lizards
  5 rats
108 creatures vanquished.

Notes
Turn   | Place    | Note
-------+----------+-------------------------------------------
     0 | D:1      | ZARRMARR the Octopode Brigand began the quest for the Orb.
     0 | D:1      | Reached XP level 1. HP: 14/14 MP: 1/1
   144 | D:1      | Found Elitouptu's Distillery.
   178 | D:1      | Found a faded altar of an unknown god.
   307 | D:1      | Reached XP level 2. HP: 19/19 MP: 2/2
   796 | D:1      | Bought a potion of lignification for 39 gold pieces
   984 | D:2      | Reached XP level 3. HP: 24/24 MP: 3/3
  1449 | D:2      | Reached XP level 4. HP: 25/30 MP: 4/4
  1959 | D:3      | Reached skill level 6 in Stealth
  2065 | D:3      | Found an iron altar of Okawaru.
  2260 | D:3      | Reached XP level 5. HP: 36/36 MP: 5/5
  2617 | D:4      | Reached skill level 1 in Shields
  2649 | D:4      | Noticed a phantom
  2752 | D:3      | Reached XP level 6. HP: 21/42 MP: 6/6
  2917 | D:5      | Entered Level 5 of the Dungeon
  2989 | D:5      | Reached XP level 7. HP: 43/46 MP: 7/7
  3062 | D:5      | Found a staircase to the Ecumenical Temple.
  3072 | Temple   | Entered the Ecumenical Temple
  3230 | Temple   | Became a worshipper of Sif Muna the Loreminder
  3378 | D:5      | Reached skill level 7 in Stealth
  3648 | D:5      | Found a shimmering altar of Xom.
  3858 | D:6      | Reached XP level 8. HP: 54/54 MP: 8/8
  3919 | D:7      | Noticed Harold
  4158 | D:6      | Found a transporter.
  4194 | D:6      | Reached skill level 5 in Short Blades
  4316 | D:6      | Reached skill level 8 in Stealth
  4404 | D:6      | Reached * piety under Sif Muna
  4419 | D:6      | Noticed a queen bee
  4421 | D:6      | Noticed ZARRMARR's ghost (novice OpCj)
  4580 | D:6      | Reached skill level 5 in Fighting
  4629 | D:6      | Reached XP level 9. HP: 61/61 MP: 9/9
  5004 | D:7      | Found Qozacan's Assorted Antiques.
  5025 | D:7      | Reached skill level 9 in Stealth
  5029 | D:7      | Reached skill level 5 in Dodging
  5073 | D:7      | Mangled by a wyvern

Illustrated notes

Levels and vault maps discovered:
D:1:      sevenhm_arrival_forest_fort_small_3, layout_basic,
          hellmonk_ecumenical_altar_inner_sanctum, serial_shops, shop,
          st_stairs_2, hangedman_decor_clover_reticule, minmay_misc_feat_tower
D:2:      layout_loops_ring
D:3:      minmay_angry_zag, layout_rooms, mainiacjoe_overflow_alcove_4
D:4:      layout_rooms
D:5:      layout_rooms, mainiacjoe_overflow_boulevard, temple_statues,
          minmay_strange_pillars, moated_statue
D:6:      layout_loops_ring, gammafunk_ghost_hive, grunt_ministairs_14
D:7:      layout_gridville, serial_shops, nicolae_take_the_stairs, hex_large,
          uniq_harold
Temple:   nicolae_temple_elliptical

Skill      XL: |  1  2  3  4  5  6  7  8  9 |
---------------+----------------------------+-----
Short Blades   | 3 4 6 |  6.9
Dodging        | 2 3 4 5 |  5.0
Stealth        | 6 7 8 9 |  9.0
Fighting       | 3 4 5 |  5.4
Shields        | 1 2 3 4 |  4.0
Throwing       | |  2.0

Action                   |  1- 3 |  4- 6 |  7- 9 || total
-------------------------+-------+-------+-------++-------
Melee: Dagger            |    40 |    62 |   172 ||   274
       Constrict         |     9 |     8 |    18 ||    35
       Tentacles         |     5 |     9 |    26 ||    40
Throw: Boomerang         |    26 |    36 |    38 ||   100
       Dart              |       |    12 |     1 ||    13
  Use: Scroll            |     1 |     3 |     8 ||    12
       Potion            |       |       |     4 ||     4
 Stab: Sleeping          |    12 |    14 |    11 ||    37
       Distracted        |       |       |     1 ||     1
Armor: Skin              |     2 |     2 |    21 ||    25
Dodge: Dodged            |    13 |    28 |    61 ||   102
Block: Buckler           |       |     4 |    21 ||    25
